 Dungeon Crawl Stone Soup version 0.26-a0-597-gb535b0901c (webtiles) character file.

Game seed: 10140726115701293641

664 Lanoc the Charlatan (level 7, -1/46 HPs)
             Began as a Halfling Artificer on Sept 8, 2020.
             Was a Follower of Dithmenos.
             Slain by a gnoll
             ... wielding a +1 spear of venom
              (7 damage)
             ... on level 5 of the Dungeon.
             The game lasted 00:07:39 (4462 turns).

Lanoc the Charlatan (Halfling Artificer)            Turns: 4462, Time: 00:07:40

Health: -1/46      AC:  4    Str: 13    XL:     7   Next: 87%
Magic:  7/7        EV: 16    Int:  9    God:    Dithmenos [*.....]
Gold:   112        SH:  0    Dex: 17    Spells: 6/6 levels left

rFire    . . .     SeeInvis .   q - +3 short sword (distort)
rCold    . . .     Faith    .   (shield restricted)
rNeg     . . .     Spirit   .   b - +0 leather armour
rPois    +         Reflect  .   h - +0 hat
rElec    .         Harm     .   a - scarf {+Inv}
rCorr    .                      l - +0 pair of gloves (curse)
MR       .....                  (no boots)
Stlth    ++........             (no amulet)
HPRegen  0.15/turn              s - ring of poison resistance
MPRegen  0.10/turn              (no ring)

@: lethally poisoned (-1 -> -14), wreathed by umbra
A: small, mutation resistance 1
a: Renounce Religion, Evoke Invisibility


You were on level 5 of the Dungeon.
You worshipped Dithmenos.
Dithmenos was aware of your devotion.
You visited 1 branch of the dungeon, and saw 5 of its levels.

You collected 112 gold pieces.

Inventory:

Hand Weapons
 q - a +3 short sword of distortion (weapon)
Missiles
 i - 127 stones
 m - 2 curare-tipped darts (quivered)
 o - 18 sling bullets
Armour
 a - a scarf of invisibility (worn)
 b - a +0 leather armour (worn)
 h - a +0 hat (worn)
 l - a cursed +0 pair of gloves (worn)
Jewellery
 s - a ring of poison resistance (left hand)
Wands
 c - a wand of flame (3)
 e - a wand of random effects (10)
Scrolls
 g - 3 scrolls of immolation {unknown}
 j - 4 scrolls of identify {unknown}
 k - a scroll of enchant armour {unknown}
 n - 2 scrolls of magic mapping {unknown}
 p - a scroll of remove curse {unknown}
 r - a scroll of teleportation {unknown}
Potions
 f - a potion of brilliance


   Skills:
 + Level 3.1 Fighting
 + Level 4.4 Armour
 + Level 3.8 Dodging
 - Level 1.1 Stealth
 * Level 5.9 Evocations


You had 6 spell levels left.
You didn't know any spells.
Your spell library was empty.

Dungeon Overview and Level Annotations

Branches:
Dungeon (5/15)
 Temple: D:4-7

Altars:
Dithmenos
Nemelex Xobeh
Qazlal

Annotations:
D:2 Robin


Innate Abilities, Weirdness & Mutations

You are small and have problems with some larger weapons.
You are somewhat resistant to further mutation.


Message History

You feel sick. The jackal misses you.
Okay, then.
Evoke which item? (* to show all) (? for menu, Esc to quit)
Aiming: Enslavement
Press: ? - help, Shift-Dir - straight line, f - jackal
Aim: a jackal (umbra, chance to defeat MR: 78%)
The jackal barely resists.
* * * LOW HITPOINT WARNING * * *
You feel sick. The jackal bites you.
* * * LOW HITPOINT WARNING * * *
The gnoll closely misses you.
Evoke which item? (* to show all) (? for menu, Esc to quit)
Aiming: Enslavement
Press: ? - help, Shift-Dir - straight line, f/p - jackal
Aim: a jackal (umbra, chance to defeat MR: 78%)
The jackal is charmed.
The now-empty wand crumbles to dust.
* * * LOW HITPOINT WARNING * * *
You feel sick.
The gnoll hits you from afar with a +1 spear of venom!
You die...

####+##### #.........
###.[.......
...........
######.........
.......@# #######h#
#g##########
#O#........#
#g#.######.#
######)#.#<...#.#
#......#.####.#.# #
#......#......#.#
...##..O...########.#


You could see an ogre, 2 gnolls and a friendly jackal (charmed).

Vanquished Creatures
  A water moccasin (D:4)
  An ogre (D:4)
  A big kobold (D:3)
  2 hounds (D:4)
  2 orc wizards (D:4)
  An orc priest (D:3)
  Natasha (twice) (D:3)
  2 worker ants
  A gnoll (D:5)
  8 adders
  An adder skeleton (D:4)
  A dart slug (D:4)
  A leopard gecko (D:2)
  6 orcs
  5 bats
  A giant cockroach (D:3)
  3 hobgoblins (D:3)
  6 jackals
  2 quokkas (D:3)
  5 frilled lizards
  5 goblins
  6 kobolds (D:3)
  9 rats
72 creatures vanquished.

Vanquished Creatures (collateral kills)
  An adder (D:3)
  An orc (D:4)
  A quokka (D:3)
  2 kobolds (D:3)
5 creatures vanquished.

Vanquished Creatures (others)
  An iguana (D:4)
  2 adders (D:3)
  An ooze (D:5)
  4 orcs
8 creatures vanquished.

Grand Total: 85 creatures vanquished

Notes
Turn   | Place    | Note
-------+----------+-------------------------------------------
     0 | D:1      | Lanoc the Halfling Artificer began the quest for the Orb.
     0 | D:1      | Reached XP level 1. HP: 12/12 MP: 1/1
   195 | D:1      | You fall into a shaft and drop 1 floor!
   197 | D:2      | Reached skill level 1 in Fighting
   197 | D:2      | Reached XP level 2. HP: 18/18 MP: 2/2
   296 | D:2      | Noticed Robin
   409 | D:2      | Reached XP level 3. HP: 23/23 MP: 3/3
   641 | D:2      | You fall into a shaft and drop 2 floors!
   641 | D:4      | Found a shadowy altar of Dithmenos.
   643 | D:4      | Became a worshipper of Dithmenos the Shadowed
   772 | D:4      | Reached XP level 4. HP: 15/28 MP: 4/4
   774 | D:4      | Reached skill level 4 in Evocations
   863 | D:4      | Reached XP level 5. HP: 11/34 MP: 5/5
  2435 | D:3      | Noticed Natasha
  2443 | D:3      | Killed Natasha
  2443 | D:3      | Reached * piety under Dithmenos
  2443 | D:3      | Reached XP level 6. HP: 34/39 MP: 6/6
  2504 | D:3      | Found a sparkling altar of Nemelex Xobeh.
  3037 | D:4      | Reached skill level 5 in Evocations
  3043 | D:4      | Noticed a water moccasin
  3119 | D:3      | Noticed Natasha
  3127 | D:3      | Killed Natasha
  3475 | D:4      | Killed a water moccasin
  3475 | D:4      | Reached XP level 7. HP: 32/45 MP: 7/7
  4250 | D:4      | Found a stormy altar of Qazlal.
  4393 | D:5      | Entered Level 5 of the Dungeon
  4462 | D:5      | Slain by a gnoll

Illustrated notes

Levels and vault maps discovered:
D:1:      ncdulo_smallfort, layout_basic, serial_bayou_lake_a
D:2:      layout_rooms, lightli_temple_of_fire, uniq_robin
D:3:      cheibrodos_thug_alley, layout_basic, nemelex_altar_shiori,
          minmay_checkerbox, uniq_natasha
D:4:      layout_loops_ring, nicolae_dithmenos_through_a_glass_darkly,
          lemuel_coloured_pillars_altar, minivault_4, grunt_decor_cap,
          chequers_mini_garden, minmay_close_crescents
D:5:      layout_basic, kennysheep_mini_moat, lemuel_crystal_altar,
          xom_confusion_cloud, okawaru_metal_pillars_3

Skill      XL: |  1  2  3  4  5  6  7 |
---------------+----------------------+-----
Fighting       | 1 2 3 |  3.1
Dodging        | 2 3 |  3.8
Evocations     | 4 5 |  5.9
Armour         | 3 4 |  4.4
Stealth        | |  1.1

Action                   |  1- 3 |  4- 6 |  7- 9 || total
-------------------------+-------+-------+-------++-------
Melee: Club              |    86 |   156 |       ||   242
       Short sword       |       |    32 |    54 ||    86
Throw: Dart              |       |    15 |       ||    15
Evoke: Wand              |     7 |    23 |     2 ||    32
  Use: Potion            |       |     2 |       ||     2
 Stab: Sleeping          |       |     5 |     1 ||     6
       Paralysed         |       |     2 |       ||     2
Armor: Leather armour    |    22 |    34 |    12 ||    68
Dodge: Dodged            |    87 |   186 |    67 ||   340

Table legend: (Time is in decaauts)
 A = Elapsed time spent in this place.
 B = Non-inter-level travel time spent in this place.
 C = Inter-level travel time spent in this place.
 D = Time resting spent in this place.
 E = Time spent auto-exploring this place.
 F = Levels seen in this place.
 G = Mean time per level.
                   A        B        C        D        E       F      G
               +--------+--------+--------+--------+--------+-----+--------+
         Total |   4547 |   4496 |     51 |    476 |   3036 |   5 |  909.4 |
       Dungeon |   4547 |   4496 |     51 |    476 |   3036 |   5 |  909.4 |
               +--------+--------+--------+--------+--------+-----+--------+

Top non-repeatable levels by time:
     D:3: 2289 daAuts
     D:4: 1527 daAuts
     D:2: 463 daAuts
     D:1: 197 daAuts
     D:5: 70 daAuts
